cohdb
Replays
Latest Replays
All Replays
Popular Replays
Top Player Replays
Match Explorer
How It Works
Community
CoH3 Stats
Reddit
Sign in to upload your games and track your stats! →
Sign in with Steam
Match 41630512
Unlisted
Match 41630512
Overview
Messages
Build Orders
End
Royal Engineer Section
Construct Section Command Post
Infantry Section
Selects Canadian Shock Battlegroup
Infantry Section
Selects Offensive Resupply
Selects Canadian Shock Section
Canadian Shock Section
Grenade Package
Construct Platoon Command Post
Construct Field Infirmary
Humber Armored Car
Selects Incendiary Munitions
Selects Pyrotechnics
Humber Armored Car
Royal Engineer Section
6-pounder Anti-tank Gun Team
Infantry Training
Canadian Shock Section
Construct Company Command Post
Conqueeftador
سَۨفُـيٰانۨوٰس
0
0
Comments
sign in to comment!
No comments posted yet!